 Dungeon Crawl Stone Soup version 0.26-a0-810-ge1a9524b62 (webtiles) character file.

Game seed: 12109511526191977502

271 mhtbhm the Shield-Bearer (level 6, 0/38 HPs)
             Began as a Gargoyle Fighter on Nov 12, 2020.
             Slain by a giant cockroach (2 damage)
             ... on level 3 of the Dungeon.
             The game lasted 00:05:08 (2524 turns).

mhtbhm the Shield-Bearer (Gargoyle Fighter)         Turns: 2524, Time: 00:05:09

Health: 0/38       AC:  9    Str: 21    XL:     6   Next: 23%
Magic:  6/6        EV:  8    Int:  9    God:
Gold:   110        SH:  9    Dex:  9    Spells: 5/5 levels left

rFire    . . .     SeeInvis .   a - +0 flail
rCold    . . .     Faith    .   c - +0 kite shield
rNeg     + . .     Spirit   .   b - +0 scale mail
rPois    ∞         Reflect  .   (no helmet)
rElec    +         Harm     .   (no cloak)
rCorr    .         Rampage  .   i - +0 pair of gloves
MR       .....     Clarity  +   (no boots)
Stlth    ..........             (no amulet)
HPRegen  0.12/turn              (no ring)
MPRegen  0.10/turn              (no ring)

@: no status effects
A: clarity, deformed body, high mp 1, negative energy resistance 1, electricity
resistance, unbreathing, petrification resistance, rot immunity, AC +4
a: no special abilities


You were on level 3 of the Dungeon.
You visited 1 branch of the dungeon, and saw 3 of its levels.
You also visited: Sewer.

You collected 110 gold pieces.

Inventory:

Hand Weapons
 a - a +0 flail (weapon)
Missiles
 e - 6 curare-tipped darts (quivered)
Armour
 b - a +0 scale mail (worn)
 c - a +0 kite shield (worn)
 i - a +0 pair of gloves (worn)
Wands
 g - a wand of polymorph (11)
Scrolls
 d - a scroll of identify
 h - a scroll of remove curse
 j - 3 scrolls of enchant weapon
 m - a scroll of immolation {unknown}


   Skills:
 + Level 4.0 Fighting
 + Level 3.8 Maces & Flails
 + Level 4.1 Armour
 + Level 1.8 Dodging
 + Level 0.1 Stealth
 + Level 4.6 Shields


You had 5 spell levels left.
You didn't know any spells.
Your spell library was empty.

Dungeon Overview and Level Annotations

Branches:
Dungeon (3/15)              Sewer (visited)

Altars:

Annotations:
D:3 Robin


Innate Abilities, Weirdness & Mutations

You are resistant to torment.
Your stone body is resilient. (AC +4)
You are immune to poison.
You resist negative energy. (rN+)
You are resistant to electric shocks. (rElec)
You can survive without breathing.
You are immune to petrification.
You are immune to rotting.
You possess an exceptional clarity of mind.
Armour fits poorly on your strangely shaped body.
You have an increased reservoir of magic. (+10% MP)


Message History

Unknown command.
You completely miss the orc.
The orc is severely wounded.
The orc hits you but does no damage.
You barely miss the orc.
The orc is severely wounded.
The orc hits you with a +0 war axe.
* * * LOW HITPOINT WARNING * * *
Unknown command.
You aren't carrying any potions.
Unknown command.
As you read the scroll of teleportation, it crumbles to dust.
You feel strangely unstable. You block the orc's attack.
Things that are here:
a +0 leather armour; an orc corpse Your surroundings suddenly seem different.
Things that are here:
a +0 chain mail; a +0 club; a +0 club The giant cockroach bites you.
You die...

########## #........#
#........# #........#
#........# ##########
#........#
.........#####B.......#
########....[@........#
##..###........#
#.......<..####
..###.##.###...##..#########
...#....###.#####.........#
#.......#... ####......#
###.........## ###......#
..........###
######.....####
#...<.......# #..........#


You could see a giant cockroach.

Vanquished Creatures
  Purgy (Sewer)
  A scorpion (D:3)
  An iguana (D:3)
  2 adders (D:2)
  A river rat (D:3)
  An ooze (D:1)
  2 worms
  A dart slug (D:2)
  A leopard gecko (D:2)
  6 orcs (D:3)
  3 giant cockroaches (D:3)
  7 goblins
  6 hobgoblins
  2 jackals (Sewer)
  A quokka (D:2)
  A ball python (D:2)
  5 bats
  5 frilled lizards
  7 kobolds
  4 rats
58 creatures vanquished.

Notes
Turn   | Place    | Note
-------+----------+-------------------------------------------
     0 | D:1      | mhtbhm the Gargoyle Fighter began the quest for the Orb.
     0 | D:1      | Reached XP level 1. HP: 14/14 MP: 1/1
   316 | D:1      | Reached XP level 2. HP: 19/19 MP: 2/2
   641 | D:2      | Reached XP level 3. HP: 20/24 MP: 3/3
  1365 | D:3      | Noticed a scorpion
  1370 | D:3      | Reached XP level 4. HP: 23/29 MP: 4/4
  1411 | D:3      | Reached skill level 1 in Dodging
  1411 | D:3      | Reached XP level 5. HP: 4/33 MP: 5/5
  1585 | D:3      | Noticed Robin
  1629 | D:3      | Found a glowing drain.
  1638 | Sewer    | Entered a sewer
  1974 | Sewer    | Noticed Purgy
  2008 | Sewer    | Killed Purgy
  2008 | Sewer    | Reached XP level 6. HP: 8/38 MP: 6/6
  2353 | D:3      | Gained mutation: You have an increased reservoir of magic.
                  | (+10% MP) [potion of mutation]
  2353 | D:3      | Gained mutation: Armour fits poorly on your strangely
                  | shaped body. [potion of mutation]
  2353 | D:3      | Gained mutation: You possess an exceptional clarity of
                  | mind. [potion of mutation]
  2514 | D:3      | HP: 1/38 [orc/+0 war axe (5)]
  2524 | D:3      | Slain by a giant cockroach

Illustrated notes

Levels and vault maps discovered:
D:1:      eino_arrival_water_star, layout_rooms
D:2:      layout_loops_ring, roderic_roman_lattice
D:3:      layout_rooms, gup_sewer_entry_bowl, uniq_sigmund, uniq_robin

Skill      XL: |  1  2  3  4  5 |
---------------+----------------+-----
Maces & Flails | 3 |  3.8
Shields        | 4 |  4.6
Dodging        | 1 |  1.8
Fighting       | 4 |  4.0
Armour         | 4 |  4.1
Stealth        | |  0.1

Action                   |  1- 3 |  4- 6 || total
-------------------------+-------+-------++-------
Melee: Flail             |    96 |   147 ||   243
  Use: Scroll            |     2 |     6 ||     8
       Potion            |       |     5 ||     5
Armor: Scale mail        |    66 |   126 ||   192
       Skin              |       |    13 ||    13
Dodge: Dodged            |    35 |    85 ||   120
Block: Kite shield       |    61 |   123 ||   184

Table legend: (Time is in decaauts)
 A = Elapsed time spent in this place.
 B = Non-inter-level travel time spent in this place.
 C = Inter-level travel time spent in this place.
 D = Time resting spent in this place.
 E = Time spent auto-exploring this place.
 F = Levels seen in this place.
 G = Mean time per level.
                   A        B        C        D        E       F      G
               +--------+--------+--------+--------+--------+-----+--------+
         Total |   2634 |   2634 |      0 |    947 |    973 |   4 |  658.5 |
       Dungeon |   1893 |   1893 |      0 |    442 |    897 |   3 |  631.0 |
         Sewer |    740 |    740 |      0 |    505 |     76 |   1 |  740.0 |
               +--------+--------+--------+--------+--------+-----+--------+

Top non-repeatable levels by time:
     D:2: 760 daAuts
   Sewer: 740 daAuts
     D:1: 637 daAuts
     D:3: 495 daAuts
